 Dungeon Crawl Stone Soup version 0.25-a0-185-g6cfeca75b2 (webtiles) character file.

Game seed: 8077032853526424595, levelgen mode: deterministic

109 MisterFreud the Ducker (level 4, -4/23 HPs)
             Began as a Felid Fighter on Nov 27, 2019.
             Was a Follower of Uskayaw.
             Killed from afar by an orc wizard (10 damage)
             ... with a magic dart
             ... on level 4 of the Dungeon.
             The game lasted 00:04:24 (3736 turns).

MisterFreud the Ducker (Felid Fighter)              Turns: 3736, Time: 00:04:25

Health: -4/23      AC:  1    Str: 12    XL:     4   Next: 59%
Magic:  6/6        EV: 21    Int: 10    God:    Uskayaw [*.....]
Gold:   169        SH:  0    Dex: 16    Spells: 3/3 levels left
                                        Lives:  0   Deaths: 1

rFire    . . .     SeeInvis +     - Unarmed
rCold    + . .     Gourm    .   (shield unavailable)
rNeg     . . .     Faith    .   (armour unavailable)
rPois    .         Spirit   .   (helmet unavailable)
rElec    .         Reflect  .   (cloak unavailable)
rCorr    .         Harm     .   (gloves unavailable)
MR       .....                  (boots unavailable)
Stlth    ++........             (no amulet)
HPRegen  0.07/turn              d - ring of protection from cold
MPRegen  0.10/turn              (no ring)

@: quick
A: very small, no armour, no weapons or thrown items, stealth, claws 1, fangs 3,
see invisible, carnivore, speed 1, shaggy fur 1, slow metabolism 1, sharp paws
a: Stomp, Renounce Religion


You were on level 4 of the Dungeon.
You worshipped Uskayaw.
Uskayaw was noncommittal.
You were not hungry.

You visited 1 branch of the dungeon, and saw 4 of its levels.

You collected 169 gold pieces.

Inventory:

Jewellery
 d - a ring of protection from cold (left paw)
Scrolls
 g - a scroll of blinking {unknown}
 h - 2 scrolls of fear {unknown}
 j - 3 scrolls of remove curse {unknown}
 k - a scroll of teleportation {unknown}
 m - 2 scrolls of enchant armour {unknown}
Potions
 a - 3 potions of might
 c - 2 potions of lignification {unknown}
 e - a potion of heal wounds {unknown}
 f - 2 potions of degeneration {unknown}
 i - a potion of curing {unknown}
 l - a potion of flight {unknown}
Comestibles
 b - 4 rations


   Skills:
 - Level 5.0 Fighting
 + Level 5.5 Dodging
 - Level 4.0 Unarmed Combat
 + Level 2.4 Invocations


You had 3 spell levels left.
You didn't know any spells.
Your spell library was empty.

Dungeon Overview and Level Annotations

Branches:
Dungeon (4/15)
 Temple: D:4-7

Altars:
Cheibriados
Okawaru
Qazlal
Ru
Sif Muna
Uskayaw


Innate Abilities, Weirdness & Mutations

You cannot wear armour.
You are incapable of wielding weapons or throwing items.
Your paws allow you to move quietly. (Stealth)
You have sharp claws.
You have razor-sharp teeth.
You have supernaturally acute eyesight. (SInv)
You are carnivorous and can eat meat at any time.
You cover ground quickly.
You are covered in fur. (AC +1)
You have a slow metabolism.
Your sharp claws are effective at attacking unaware monsters.


Message History

The orc wizard is no longer moving quickly.
The orc wizard gestures at you while chanting.
The magic dart hits you!
* * * LOW HITPOINT WARNING * * *
You are too injured to fight recklessly!
You are too injured to fight recklessly!
You are too injured to fight recklessly!
Unknown command.
You barely miss the orc wizard. You bite the orc wizard.
The orc wizard is heavily wounded.
The orc wizard closely misses you.
You scratch the orc wizard.
The orc wizard is almost dead.
The orc wizard gestures at you while chanting.
The puff of frost misses you.
You scratch the orc wizard.
The orc wizard is almost dead.
The orc wizard casts a spell at you. The magic dart hits you!
You die...

#####.##.#.######
#........#.#
#.###.#..#.#
#.#..#.# ..#..#.#
####..#.#
.#####..#.#
.......o#.#
##@#.#########
#.#..........
#.#..........
#............
#............
#............
#.##.........
#.##.........
#.##........#


You could see an orc wizard (invisible).

Vanquished Creatures
  A hound (D:4)
  An orc priest (D:4)
  An orc wizard (D:4)
  3 adders
  2 dart slugs
  4 leopard geckos
  11 orcs
  3 ball pythons
  5 giant cockroaches
  10 hobgoblins
  7 jackals
  7 kobolds (D:1)
  2 quokkas
  4 bats
  4 frilled lizards
  9 goblins
  6 rats
80 creatures vanquished.

Notes
Turn   | Place    | Note
-------+----------+-------------------------------------------
     0 | D:1      | MisterFreud the Felid Fighter began the quest for the Orb.
     0 | D:1      | Reached XP level 1. HP: 10/10 MP: 2/2
   142 | D:1      | Reached XP level 2. HP: 13/14 MP: 3/3
   450 | D:1      | Reached XP level 3. HP: 18/18 MP: 4/4
  1080 | D:2      | Found an iron altar of Okawaru.
  1083 | D:2      | Found a shimmering blue altar of Sif Muna.
  1198 | D:2      | Found a stormy altar of Qazlal.
  1221 | D:2      | Reached XP level 4. HP: 18/22 MP: 5/5
  1331 | D:2      | Found a sacrificial altar of Ru.
  1331 | D:2      | Found a hide-covered altar of Uskayaw.
  1365 | D:2      | Became a worshipper of Uskayaw the Reveler
  1465 | D:2      | Reached skill level 5 in Fighting
  1479 | D:2      | Reached * piety under Uskayaw
  2049 | D:3      | Reached ** piety under Uskayaw
  2055 | D:3      | Reached *** piety under Uskayaw
  2058 | D:3      | Reached **** piety under Uskayaw
  2064 | D:3      | HP: 1/23 [orc/+0 short sword (7)]
  2680 | D:3      | Found a snail-covered altar of Cheibriados.
  2851 | D:3      | Reached skill level 1 in Invocations
  3434 | D:4      | Reached XP level 5. HP: 18/26 MP: 5/7
  3449 | D:4      | Reached skill level 5 in Dodging
  3719 | D:4      | Slain by an orc wizard
  3720 | D:4      | Reached XP level 4. HP: -1/23 MP: 6/6
  3736 | D:4      | Killed from afar by an orc wizard

Levels and vault maps discovered:
D:1:      eino_arrival_cavern_d, layout_basic, kennysheep_decorative_pillar
D:2:      layout_loops_corners, gammafunk_temple_overflow_wave,
          grunt_qazlal_sundering, chequers_temple_overflow_statue_of_worship
D:3:      layout_loops_corners, cheibriados_altar_1
D:4:      minmay_wonky_spiral, layout_basic, lemuel_crystal_altar, first_ration,
          uniq_robin, uniq_blork_the_orc

Skill      XL: |  1  2  3  4  5 |
---------------+----------------+-----
Fighting       | 4 5 |  5.0
Invocations    | 1 2 |  2.4
Dodging        | 5 |  5.5
Unarmed Combat | |  4.0

Action                   |  1- 3 |  4- 6 || total
-------------------------+-------+-------++-------
Melee: Unarmed           |    83 |   152 ||   235
       Bite              |     3 |    11 ||    14
 Stab: Sleeping          |     7 |     2 ||     9
       Paralysed         |       |     3 ||     3
  Eat: Chunk             |     6 |     8 ||    14
Armor: Skin              |     9 |     7 ||    16
Dodge: Dodged            |    60 |   128 ||   188

Table legend:
 A = Non-vault XP
 B = Vault XP
 C = Vault XP percentage of total XP
 D = Non-vault monster count
 E = Vault monster count
 F = Vault count percentage of total count
                 A         B        C        D         E       F
            +---------+---------+-------+---------+---------+-------
      Total |     307 |       0 |   0.0 |      80 |       0 |   0.0
            +---------+---------+-------+---------+---------+-------
        D:1 |      51 |       0 |   0.0 |      29 |       0 |   0.0
        D:2 |      72 |       0 |   0.0 |      25 |       0 |   0.0
        D:3 |      46 |       0 |   0.0 |      16 |       0 |   0.0
        D:4 |     138 |       0 |   0.0 |      10 |       0 |   0.0
            +---------+---------+-------+---------+---------+-------
